 Dungeon Crawl Stone Soup version 0.29.1-2-gbd0b4ee654 (webtiles) character file.

Game seed: 8199143133214231721

4 ScottyB the Shield-Bearer (level 1, -4/14 HPs)
             Began as a Gargoyle Fighter on Nov 11, 2022.
             Slain by a gnoll
             ... wielding a +0 halberd
              (5 damage)
             ... on level 3 of the Dungeon.
             The game lasted 00:01:15 (107 turns).

ScottyB the Shield-Bearer (Gargoyle Fighter)         Turns: 107, Time: 00:01:15

Health: -4/14      AC:  9    Str: 19    XL:     1   Next: 70%
Magic:  1/1        EV:  9    Int:  8    God:
Gold:   0          SH:  4    Dex:  9    Spells: 0/0 levels left

rFire   . . .      SeeInvis .   a - +0 trident
rCold   . . .      Faith    .   c - +0 buckler
rNeg    + . .      Spirit   .   b - +0 scale mail
rPois   ∞          Reflect  .   (no helmet)
rElec   +          Harm     .   (no cloak)
rCorr   .          Rampage  .   (no gloves)
Will    .....                   (no boots)
Stlth   ..........              (no amulet)
HPRegen 0.04/turn               (no ring)
MPRegen 0.07/turn               (no ring)

@: no status effects
A: sickness immunity, AC +2, negative energy resistance 1, electricity
resistance, torment resistance 1, petrification resistance
a: no special abilities


You were on level 3 of the Dungeon.
You visited 1 branch of the dungeon, and saw 3 of its levels.

Inventory:

Hand Weapons
 a - a +0 trident (weapon)
Armour
 b - a +0 scale mail (worn)
 c - a +0 buckler (worn)
Potions
 d - a potion of might


   Skills:
 + Level 3.4 Fighting
 + Level 1.7 Polearms
 + Level 3.3 Armour
 + Level 3.4 Shields


You couldn't memorise any spells.
You didn't know any spells.
Your spell library was empty.

Dungeon Overview and Level Annotations

Branches:
Dungeon (3/15)

Altars:


Innate Abilities, Weirdness & Mutations

You are immune to sickness and miasma.
Your stone body is resilient. (AC +2)
You are immune to poison.
You resist negative energy. (rN+)
You are resistant to electric shocks. (rElec)
You are resistant to unholy torment.
You are immune to petrification.


Message History

You block the ball python's attack. The ball python grabs you.
The ball python constricts you.
You completely miss the ball python.
The ball python is severely wounded.
The ball python bites you but does no damage.
The ball python constricts you.
The ball python bites you but does no damage.
The ball python constricts you.
You hit the ball python.
You kill the ball python!
You see here a ball python corpse.
The endoplasm attacks as you move away!
The endoplasm hits you but does no damage.
The endoplasm attacks as you move away! The endoplasm barely misses you.
You puncture the endoplasm!
You kill the endoplasm!
You see here a ball python corpse. 2 gnolls come into view.
The gnoll shouts!
There is a stone staircase leading up here.
A gnoll comes into view. It is wielding a +0 halberd. x2
The gnoll shouts!
There is a stone staircase leading up here.
The gnoll hits you with a +0 whip.
You hit the gnoll.
The gnoll is moderately wounded.
The gnoll closely misses you.
You hit the gnoll.
The gnoll is severely wounded.
The gnoll hits you with a +0 whip. The gnoll hits you but does no damage.
You hit the gnoll but do no damage.
The gnoll is severely wounded.
The gnoll hits you from afar with a +0 halberd.
The gnoll closely misses you.
You puncture the gnoll!
You kill the gnoll!
The gnoll hits you from afar with a +0 halberd.
* * * LOW HITPOINT WARNING * * *
The gnoll hits you from afar with a +0 halberd.
You die...

#.<........# ...#
#.########.##.#.#
#.# #.#....###
#.########.........
#..........(.......
###########†#..###.
#.# .# #.# # #@#
#)# ## #g#..#.#
#gg..g.# #..#.#.g.
.......g.
.#..#.#..#
.........## ##
###.####


You could see 3 gnolls.

Vanquished Creatures
  A gnoll (D:3)
  A ball python (D:3)
  A bat (D:1)
  An endoplasm (D:3)
  A rat (D:1)
5 creatures vanquished.

Notes
Turn   | Place    | Note
-------+----------+-------------------------------------------
     0 | D:1      | ScottyB the Gargoyle Fighter began the quest for the Orb.
     0 | D:1      | Reached XP level 1. HP: 14/14 MP: 1/1
   107 | D:3      | Slain by a gnoll

Illustrated notes

Levels and vault maps discovered:
D:1:      erik_arrival_triangle_small, layout_basic, minivault_23,
          minmay_lizard_pond
D:2:      cheibrodos_pilgrimage, layout_basic,
          hellmonk_ecumenical_altar_prayer_group
D:3:      layout_loops_ring, serial_glass, glass_columns_a, glass_columns_a,
          glass_columns_c, glass_columns_b, uniq_ijyb, uniq_jessica,
          uniq_terence

Action                   || total
-------------------------++-------
Melee: Trident           ||    13
Armor: Scale mail        ||     4
Dodge: Dodged            ||     9
Block: Buckler           ||     4
